Unix NetHack Version 5.0.0-0 post-release - last build Jul 19 2026 19:10:59 (3aa4ab31751d3886436d94b585a96704892fd477,branch:main).

Game began 2026-07-28 20:24:33, ended 2026-07-28 21:57:06.

IceCreamJones, neutral female human Tourist

                        --------     -----        ------               -----
                        |......       ...          ....|               |...|
                        |...-----. ----.-----  -----...|          #####.>.^|
                        |...|=.[|.-|..-.|.%.|  |...|...|###########    ---.-
                        |...|...|..|..|.-...|  |...|...|#                 #
                        |...|)..|..|---.-------|...|...|#                 #
                        |...---|--|-............|---...|#                 #
                       #|..............................-#@                #
                        .(...(......{.---|--..{.(.@....|Mf_#              #
                    ####-.............|.....|..........|#  ######         #
                 ####   |....--|--..........|..--|--...|#       #         #
                 ###    |.---|.(.||--.|*._..|-||...|...|#       #         #
                   ##   |.|..|..]|..|.|.^...|..|+++|...|#       #   ------|-
                    ##  |.-..|(((|..|.------|..|+++|...|#       ####|......|
                     #  |.-----------.......--------...|#          #.......|
                     ## |..............................|#           |.<..).|
                      ##--------------------------------#[##########-......|
                       ##################################           |......|
                                                                    --------

IceCreamJones the Excursionist  St:12 Dx:17 Co:17 In:14 Wi:9 Ch:12  Neutral
Dlvl:7  $:35 HP:0(60) Pw:26(26) AC:0  Xp:7 T:9266 

Latest messages:
 You miss Nestorix.
 Nestorix hits!
 Nestorix misses!
 You miss Nestorix.
 You miss Nestorix.
 Nestorix hits!
 Nestorix hits again!
 You miss Nestorix.
 Nestorix hits!
 Nestorix hits again!
 You miss Nestorix.
 Nestorix hits!
 Nestorix just misses!
 You miss Nestorix.
 You miss Nestorix.
 Nestorix misses!
 Nestorix hits!
 What do you want to wield? [- aksuKNOX or ?*]
 You are already wielding that!
 You miss Nestorix.
 You miss Nestorix.
 Nestorix hits!
 Nestorix hits again!
 You stop.  Your large dog is in the way!
 The large dog misses it.
 You see here a heavy iron ball (chained to you).
 The large dog misses it.
 You stop.  Your housecat is in the way!
 The large dog misses it.
 You stop.  Your housecat is in the way!
 You hit the wood nymph.
 The wood nymph wakes up!
 The wood nymph screams!
 The wood nymph stole a cursed candle.
 The wood nymph vanishes!
 You hit the kobold.
 The kobold misses!
 You kill the kobold!
 What do you want to wield? [- aksuKNOX or ?*]
 You are already wielding that!
 You stop.  Your large dog is in the way!
 The housecat misses Nestorix.
 Nestorix hits!
 Nestorix hits again!
 You die...
 Do you want your possessions identified? [ynq] (y)
 Do you want to see your attributes? [ynq] (y)
 Do you want an account of creatures vanquished? [ynaq] (y)
 Do you want to see your conduct and achievements? [ynq] (y)
 Do you want to see the dungeon overview? [ynq] (y)

Inventory:
 Coins    ('$')
  $ - 35 gold pieces
 Amulets  ('"')
  S - an uncursed amulet versus poison (being worn)
 Weapons  (')')
  k - 8 blessed +2 darts
  O - 11 +2 darts
  s - 20 +0 darts
  K - 9 cursed -1 darts
  a - a +0 dagger (weapon in left hand)
  u - 17 +0 daggers (at the ready)
  X - 2 +0 orcish daggers
  N - a +0 aklys
 Armor    ('[')
  V - an uncursed +0 orcish helm (being worn)
  Y - an uncursed +0 orcish helm
  P - a blessed +0 pair of speed boots (being worn)
  I - a blessed +1 orcish shield (being worn)
  i - an uncursed +0 dwarvish cloak (being worn)
  l - a blessed +0 dwarvish mithril-coat (being worn)
 Comestibles  ('%')
  h - an uncursed pear
 Scrolls  ('?')
  w - 4 uncursed scrolls of blank paper
 Potions  ('!')
  j - 2 uncursed potions of extra healing
  v - an uncursed potion of full healing
  U - an uncursed potion of healing
  L - an uncursed potion of object detection
  H - an uncursed potion of water
 Rings    ('=')
  G - an uncursed ring of see invisible
 Wands    ('/')
  Q - a wand of magic missile (0:0)
  R - a wand of sleep (0:3)
  b - a wand of speed monster (0:4)
 Tools    ('(')
  E - an uncursed blindfold
  r - a cursed lock pick
  c - an uncursed tallow candle
 Gems/Stones  ('*')
  Z - an uncursed aquamarine stone
  C - 2 uncursed jasper stones
  M - 2 uncursed worthless pieces of green glass
  q - an uncursed worthless piece of orange glass
  x - 3 uncursed worthless pieces of red glass

IceCreamJones the Tourist's attributes:

Background:
 You were an Excursionist, a level 7 female human Tourist.
 You were neutral, on a mission for The Lady
 who was opposed by Blind Io (lawful) and Offler (chaotic).
 You were left-handed.
 You were in the Gnomish Mines, on level 7.
 You entered the dungeon 9266 turns ago.
 You had 1264 experience points, 16 more were needed to attain level 8.

Basics:
 You had 0 out of 60 hit points.
 You had all 26 energy points (spell power).
 Your armor class was 0.
 Your wallet contained 35 zorkmids.
 Autopickup was off.

Final Characteristics:
 Your strength was 12 (limit:18/100).
 Your dexterity was 17 (limit:18).
 Your constitution was 17 (peak:18, limit:18).
 Your intelligence was 14 (limit:18).
 Your wisdom was 9 (limit:18).
 Your charisma was 12 (limit:18).

Final Status:
 You were chained to a heavy iron ball.
 You weren't hungry.
 You were unencumbered.
 You were wielding a dagger.
 You were skilled in dagger.

Final Attributes:
 You were piously aligned.
 Your items were somewhat protected from fire.
 Your items were somewhat protected from cold.
 You were poison resistant.
 You were telepathic.
 You were guarded.
 You were very fast.
 You are dead.

Miscellaneous:
 You encountered 1 bones level.
 Total elapsed playing time was 1 hour, 32 minutes and 31 seconds.

Major events:
 Turn
    1: IceCreamJones the neutral female human Tourist entered the dungeon
  940: attained the rank of Sightseer (level 3)
 3193: entered the Gnomish Mines
 4474: attained the rank of Excursionist (level 6)
 8670: reached Mine Town
 9266: killed by a human mummy of Nestorix

You didn't know any spells.

Skills:
 Fighting Skills
   bare handed combat [Unskilled]
   two weapon combat  [Unskilled]
   riding             [Unskilled]
 Weapon Skills
   dagger             [Skilled]
   knife              [Unskilled]
   axe                [Unskilled]
   pick-axe           [Unskilled]
   short sword        [Unskilled]
   broadsword         [Unskilled]
   long sword         [Unskilled]
   two-handed sword   [Unskilled]
   saber              [Unskilled]
   mace               [Unskilled]
   morning star       [Unskilled]
   flail              [Unskilled]
   hammer             [Unskilled]
   quarterstaff       [Unskilled]
   polearms           [Unskilled]
   spear              [Unskilled]
   trident            [Unskilled]
   lance              [Unskilled]
   bow                [Unskilled]
   sling              [Unskilled]
   crossbow           [Unskilled]
   dart               [Skilled]
   shuriken           [Unskilled]
   boomerang          [Unskilled]
   whip               [Unskilled]
   unicorn horn       [Unskilled]
 Spellcasting Skills
   divination spells  [Unskilled]
   enchantment spells [Unskilled]
   escape spells      [Unskilled]

Voluntary challenges:
 Character rerolling was not enabled.
 You never genocided any monsters.
 You never polymorphed an object.
 You never changed form.
 You used no wishes.
Achievements:
 You attained the rank of Sightseer.
 You entered a shop.
 You entered the Gnomish Mines.
 You attained the rank of Excursionist.
 You entered Minetown.
 You entered a temple.

 The Dungeons of Doom: levels 1 to 6
    Level 1: "SCM"
       An altar to The Lady, a fountain.
    Level 2:
       A general store, a fountain.
    Level 3:
       A vegetarian food shop, an altar, a fountain.
    Level 4:
       Some altars to The Lady, a fountain.
       Stairs down to The Gnomish Mines.
    Level 5:
    Level 6:
       Many fountains.
 The Gnomish Mines: levels 5 to 8
    Level 5:
    Level 6:
    Level 7: <- You were here.
       Many shops, a temple and an altar, some fountains.
       Final resting place for
          you, killed by a human mummy of Nestorix,
          Nestorix-Cav-Hum-Mal-Neu, killed by a human mummy.
    Level 8:


Vanquished creatures:
  a human mummy
  a watchman
  2 leprechauns
  2 lizards
  a blue jelly
  a raven
  a plains centaur
  a snake
  a quasit
  3 wood nymphs
  a water nymph
  a Mordor orc
  2 Uruk-hai
  3 rock piercers
  a rock mole
  2 ponies
  a fog cloud
  a shrieker
  6 gnome leaders
  2 gray oozes
  2 ghouls
  a straw golem
  a paper golem
  2 giant ants
  a little dog
  6 floating eyes
  5 dwarves
  3 homunculi
  a kobold leader
  7 rothes
  a rabid rat
  a centipede
  3 giant bats
  a monkey
  3 orc zombies
  a wererat
  4 werejackals
  3 iguanas
  3 gas spores
  a hobbit
  3 manes
  2 large kobolds
  2 hobgoblins
  5 giant rats
  2 cave spiders
  2 brown molds
 21 gnomes
  8 garter snakes
  2 gnome zombies
  5 geckos
  7 jackals
  6 foxes
  3 kobolds
  5 goblins
 10 sewer rats
 10 grid bugs
  2 bats
  7 lichens
  a kobold zombie
 15 newts
202 creatures vanquished.

No species were genocided or became extinct.

Game over:
                       ----------
                      /          \
                     /    REST    \
                    /      IN      \
                   /     PEACE      \
                  /                  \
                  |  IceCreamJones   |
                  |      35 Au       |
                  |   killed by a    |
                  |  human mummy of  |
                  |     Nestorix     |
                  |                  |
                  |       2026       |
                 *|     *  *  *      | *
        _________)/\\_//(\/(/\)/\//\/|_)_______

Aloha IceCreamJones the Tourist...

You died in The Gnomish Mines on dungeon level 7 with 5486 points,
and 35 pieces of gold, after 9266 moves.
You were level 7 with a maximum of 60 hit points when you died.

